 Dungeon Crawl Stone Soup version 0.28-a0-655-g4eb62b627b (webtiles) character file.

Game seed: 12626341496786184873

2408 dolemite99 the Grappler (level 9, 0/59 (65) HPs)
             Began as a Demonspawn Fighter on Oct 12, 2021.
             Was a Priest of Dithmenos.
             Slain by a wyvern zombie (7 damage)
             ... on level 7 of the Dungeon.
             The game lasted 00:09:57 (8354 turns).

dolemite99 the Grappler (Demonspawn Fighter)        Turns: 8354, Time: 00:09:57

HP:   0/59 (65)     AC: 20    Str: 19    XL:     9   Next: 23%
MP:   9/9           EV:  2    Int: 10    God:    Dithmenos [***...]
Gold: 299           SH:  5    Dex: 13    Spells: 8/8 levels left

rFire   . . .      SeeInvis .     - Unarmed
rCold   . . .      Faith    .   u - +0 buckler
rNeg    . . .      Spirit   .   n - +0 crystal plate armour
rPois   .          Reflect  .   (helmet restricted)
rElec   .          Harm     .   (no cloak)
rCorr   .          Rampage  .   k - +1 pair of gloves
Will    .....                   o - +0 pair of boots
Stlth   ..........              A - amulet of the acrobat
HPRegen 0.19/turn               (no ring)
MPRegen 0.11/turn               (no ring)

@: wreathed by umbra, drained
A: horns 2, foul stench 2, demonic magic 1
a: Renounce Religion, Shadow Step


You were on level 7 of the Dungeon.
You worshipped Dithmenos.
Dithmenos was most pleased with you.
You visited 1 branch of the dungeon, and saw 7 of its levels.

You collected 299 gold pieces.

Inventory:

Hand Weapons
 b - a +1 hunting sling
 e - a +2 short sword of speed
 m - a +3 war axe
 r - a +0 short sword of venom
Missiles
 i - 86 stones
 j - 102 arrows
 q - 2 poisoned darts (quivered)
 v - 43 sling bullets
 y - 5 curare-tipped darts
Armour
 a - a +0 scale mail
 k - a +1 pair of gloves (worn)
 n - a +0 crystal plate armour (worn)
 o - a +0 pair of boots (worn)
 p - a +0 robe
 u - a +0 buckler (worn)
 x - a +0 pair of gloves
Magical Staves
 t - a staff of earth
 w - a staff of poison
Jewellery
 c - an amulet of regeneration
 d - a ring of protection from fire
 z - a ring of ice
 A - an amulet of the acrobat (around neck)
Wands
 g - a wand of iceblast (1)
Scrolls
 f - 2 scrolls of vulnerability
 h - 2 scrolls of identify {@r1}
Potions
 l - a potion of ambrosia


   Skills:
 - Level 4.0 Fighting
 - Level 5.0 Armour
 - Level 4.0 Shields
 - Level 9.7 Unarmed Combat
 + Level 2.5 Evocations


You had 8 spell levels left.
You didn't know any spells.
Your spell library contained the following spells:

 Spells                   Type           Power      Damage    Failure   Level
 Freeze                   Ice            0%         1d3       100%        1
 Sting                    Tmut/Pois      0%         1d3       100%        1
 Ensorcelled Hibernation  Hex/Ice        0%         N/A       100%        2
 Poisonous Vapours        Pois/Air       0%         N/A       100%        2
 Frozen Ramparts          Ice            0%         1d2       100%        3
 Ozocubu's Armour         Ice            0%         N/A       100%        3
 Tukima's Dance           Hex            0%         N/A       100%        3
 Cause Fear               Hex            0%         N/A       100%        4
 Hailstorm                Conj/Ice       0%         3d3       100%        4
 Olgreb's Toxic Radiance  Pois           0%         N/A       100%        4
 Metabolic Englaciation   Hex/Ice        0%         N/A       100%        5
 Simulacrum               Ice/Necr       0%         N/A       100%        6
 Dragon Form              Tmut           0%         N/A       100%        7
 Dragon's Call            Summ           0%         N/A       100%        9


Dungeon Overview and Level Annotations

Branches:
Dungeon (7/15)             Temple (0/1) D:7

Altars:
Cheibriados
Dithmenos

Annotations:
D:4 exclusion: downstairs


Innate Abilities, Weirdness & Mutations

You have a pair of horns on your head.
You sometimes emit foul miasma when damaged in melee.
Spells you cast may paralyse adjacent enemies.


Message History

The bullfrog is heavily wounded.
The bullfrog hits you but does no damage.
The wyvern zombie bites you but does no damage.
You closely miss the bullfrog.
The bullfrog is heavily wounded.
The bullfrog hits you but does no damage.
The wyvern zombie bites you but does no damage.
You punch the bullfrog!
You kill the bullfrog!
Dithmenos accepts your kill. The wight misses you.
You hit the wight but do no damage. You block the wight's attack. x2
You barely miss the wight. Your headbutt misses the wight.
The wight hits you with a +3 battleaxe.
You feel drained.
You closely miss the wight. You block the wight's attack.
You barely miss the wight. Your headbutt misses the wight.
The wight hits you but does no damage. The wight hits you with a +3 battleaxe.
You feel drained.
Your crystal plate armour prevents you from hitting the wight.
Your headbutt misses the wight. The wight hits you but does no damage.
You hit the wight. Your headbutt misses the wight.
The wight is moderately damaged.
The wight hits you but does no damage.
You closely miss the wight.
The wight is moderately damaged.
The wight hits you but does no damage. x2
You hit the wight.
The wight is severely damaged.
The wight hits you with a +3 battleaxe!
You hit the wight. Your headbutt misses the wight.
The wight is almost destroyed.
The wight hits you but does no damage. The wight hits you with a +3 battleaxe!
* * * LOW HITPOINT WARNING * * *
You feel drained.
* * * LOW HITPOINT WARNING * * *
You hit the wight.
You destroy the wight!
Dithmenos accepts your kill. The wyvern zombie bites you!
You die...

# ## ..... #######
#...>##### #.....#
#......Zz# #.#
#.#..#.#@# #.#
#.#..#.#)###.#
.(z(..))o....# ##
.z...#.#.#...# .# ###
.....#.#.#...##.# #.) .
.. ...........# #.#
.........#.....# #.#
.......#.....#######.#
........#..#......<##.#


You could see a wight, an orc priest and a wyvern zombie.

Vanquished Creatures
  Joseph (D:7)
  A steam dragon (D:7)
  Edmund (D:4)
  A water moccasin (D:5)
  A sky beast (D:6)
  A black bear (D:4)
  2 necrophages
  2 centaurs (D:6)
  4 bullfrogs
  A scorpion (D:6)
  2 water moccasin skeletons
  2 howler monkeys (D:6)
  A wight (D:7)
  A bullfrog zombie (D:6)
  A jelly (D:5)
  7 orc priests
  2 hounds
  An iguana (D:6)
  4 orc wizards
  A scorpion zombie (D:5)
  A hound skeleton (D:4)
  A howler monkey zombie (D:5)
  Robin (D:4)
  8 adders
  2 white imps (D:6)
  An adder skeleton (D:4)
  A worm (D:2)
  5 dart slugs
  16 orcs
  8 ball pythons
  7 endoplasms
  3 giant cockroaches
  19 goblins
  7 hobgoblins
  4 jackals (D:1)
  4 quokkas
  4 bats
  6 frilled lizards
  5 kobolds
  8 rats
148 creatures vanquished.

Notes
Turn   | Place    | Note
-------+----------+-------------------------------------------
     0 | D:1      | dolemite99 the Demonspawn Fighter began the quest for the
                  | Orb.
     0 | D:1      | Reached XP level 1. HP: 18/18 MP: 1/1
    68 | D:1      | Reached skill level 2 in Unarmed Combat
   367 | D:1      | Gained mutation: You have a pair of small horns on your
                  | head. [demonic ancestry]
   367 | D:1      | Reached XP level 2. HP: 17/24 MP: 2/2
   721 | D:1      | Reached skill level 3 in Unarmed Combat
   829 | D:1      | Gained mutation: You may rarely emit foul miasma when
                  | damaged in melee. [demonic ancestry]
   829 | D:1      | Reached XP level 3. HP: 29/29 MP: 3/3
   869 | D:1      | Found a faded altar of an unknown god.
   882 | D:1      | Prayed at the altar of an unknown god.
   882 | D:1      | Became a worshipper of Dithmenos the Shadowed
   882 | D:1      | Reached * piety under Dithmenos
  1533 | D:2      | Reached skill level 4 in Unarmed Combat
  1533 | D:2      | Reached XP level 4. HP: 35/35 MP: 4/4
  2345 | D:3      | Reached ** piety under Dithmenos
  2954 | D:3      | Reached XP level 5. HP: 30/41 MP: 5/5
  3960 | D:3      | Reached skill level 5 in Unarmed Combat
  4372 | D:4      | Found a snail-covered altar of Cheibriados.
  4882 | D:4      | Noticed Edmund
  4897 | D:4      | Killed Edmund
  4898 | D:4      | Reached skill level 6 in Unarmed Combat
  4898 | D:4      | Gained mutation: You sometimes emit foul miasma when
                  | damaged in melee. [demonic ancestry]
  4898 | D:4      | Reached XP level 6. HP: 24/47 MP: 6/6
  5073 | D:4      | Noticed Robin
  5088 | D:4      | Killed Robin
  5388 | D:5      | Entered Level 5 of the Dungeon
  5818 | D:5      | Reached skill level 7 in Unarmed Combat
  5818 | D:5      | Reached XP level 7. HP: 51/52 MP: 7/7
  6347 | D:5      | Noticed a two-headed ogre
  6420 | D:5      | Reached skill level 8 in Unarmed Combat
  6745 | D:6      | Reached *** piety under Dithmenos
  6746 | D:6      | Gained mutation: Spells you cast may paralyse adjacent
                  | enemies. [demonic ancestry]
  6746 | D:6      | Reached XP level 8. HP: 50/58 MP: 8/8
  6762 | D:6      | Reached skill level 9 in Unarmed Combat
  7197 | D:6      | Reached skill level 5 in Armour
  7893 | D:7      | Noticed Joseph
  7901 | D:7      | Killed Joseph
  7902 | D:7      | Gained mutation: You have a pair of horns on your head.
                  | [demonic ancestry]
  7902 | D:7      | Reached XP level 9. HP: 63/65 MP: 9/9
  8273 | D:7      | Found a staircase to the Ecumenical Temple.
  8299 | D:7      | Reached skill level 1 in Evocations
  8354 | D:7      | Slain by a wyvern zombie

Illustrated notes

Levels and vault maps discovered:
D:1:      ebering_hopf_link, layout_loops_corners, basic_ecumenical_altar,
          grunt_decor_resistance
D:2:      layout_basic, minmay_tiny_reverse_x
D:3:      layout_rooms
D:4:      layout_cave_pods, amcnicky_altar_gilded, uniq_robin, uniq_edmund
D:5:      layout_rooms
D:6:      layout_basic, nicolae_underground_beach
D:7:      layout_basic, minmay_temple_entry_enclosed_plants,
          kennysheep_generic_room_13, uniq_joseph

Skill      XL: |  1  2  3  4  5  6  7  8  9 |
---------------+----------------------------+-----
Unarmed Combat | 2 3 4 6 7 8 9 |  9.7
Armour         | 5 |  5.0
Fighting       | 4 |  4.0
Shields        | 4 |  4.0
Evocations     | 2 |  2.5

Action                   |  1- 3 |  4- 6 |  7- 9 || total
-------------------------+-------+-------+-------++-------
Melee: Unarmed           |   110 |   131 |   177 ||   418
       Headbutt          |    11 |    22 |    24 ||    57
 Fire: Hunting sling     |       |    77 |    33 ||   110
Throw: Javelin           |    21 |     2 |       ||    23
       Dart              |    14 |    26 |     4 ||    44
       Stone             |       |    12 |     3 ||    15
Evoke: Wand              |       |     1 |     7 ||     8
  Use: Scroll            |       |     6 |     3 ||     9
       Potion            |       |     3 |     2 ||     5
Armor: Scale mail        |    38 |    47 |    22 ||   107
       Crystal plate arm |       |       |    96 ||    96
Dodge: Dodged            |    47 |    79 |    46 ||   172
Block: Buckler           |    16 |    34 |    39 ||    89

Table legend: (Time is in decaauts)
 A = Elapsed time spent in this place.
 B = Non-inter-level travel time spent in this place.
 C = Inter-level travel time spent in this place.
 D = Time resting spent in this place.
 E = Time spent auto-exploring this place.
 F = Levels seen in this place.
 G = Mean time per level.
                   A        B        C        D        E       F      G
               +--------+--------+--------+--------+--------+-----+--------+
         Total |   8321 |   7997 |    324 |   3635 |   2755 |   7 | 1188.7 |
       Dungeon |   8321 |   7997 |    324 |   3635 |   2755 |   7 | 1188.7 |
               +--------+--------+--------+--------+--------+-----+--------+

Top non-repeatable levels by time:
     D:3: 1996 daAuts
     D:4: 1716 daAuts
     D:1: 1293 daAuts
     D:2: 1043 daAuts
     D:6: 1000 daAuts
     D:5: 666 daAuts
     D:7: 604 daAuts
